 Dungeon Sprint DCSS version 0.32-a0-711-g016ad743e0 (webtiles) character file.

Game seed: 10471883856170795683

16019 Revguard the Fetichist (level 12, -20/107 HPs)
             Began as a Coglin Gladiator on Mar 15, 2024.
             Was the Champion of Wu Jian.
             Killed from afar by a nagaraja (46 damage)
             ... with a poison arrow
             ... in the Dungeon (Sprint V: "Ziggurat Sprint").
             The game lasted 00:08:10 (895 turns).

Revguard the Fetichist (Coglin Gladiator)            Turns: 895, Time: 00:08:13

Health: -20/107    AC: 26    Str: 14    XL:     12   Next: 33%
Magic:  12/12      EV: 12    Int:  9    God:    Wu Jian [******]
Gold:   0          SH:  0    Dex: 20    Spells: 11/11 levels left

rFire   . . .        y - +11 Singing Sword {sonic wave}
rCold   . . .        E - +6 falchion (holy) {Kun}
rNeg    . . .        A - +5 storm dragon scales
rPois   .            c - +0 helmet
rElec   +            G - +0 cloak {Stlth+}
rCorr   .            (no gloves)
SInv    .            C - +1 pair of boots {rampage}
Will    .....        (amulet unavailable) Stlth
                     (ring unavailable)
HPRegen 0.37/turn    (ring unavailable)
MPRegen 0.13/turn    (no gizmo)

%: no teleportation, rampage
@: lethally poisoned (-20 -> -45), studying 2 skills, revving
A: off-hand wielding, slow wielding, warmup strikes, no jewellery
a: Invent Gizmo, Renounce Religion, Wall Jump, Serpent's Lash, Heavenly Storm


You were in the Dungeon.
You worshipped Wu Jian.
Wu Jian was exalted by your worship.
You visited 1 branch

Inventory:

Hand Weapons
 y - the +11 Singing Sword (weapon) {sonic wave}
   (You found it in the Dungeon)
 z - the +9 sword of Zonguldrok {reap}
   (You found it in the Dungeon)
 B - a +1 vampiric short sword {Adela}
 E - a +6 falchion of holy wrath (offhand) {Kun}
Missiles
 d - 3 throwing nets (quivered)
 e - a javelin
Armour
 b - a +0 leather armour
 c - a +0 helmet (worn)
 A - +5 storm dragon scales (worn)
 C - a +1 pair of boots of rampaging (worn)
 G - a +0 cloak of stealth (worn)
Wands
 p - a wand of charming (20)
 v - a wand of mindburst (7)
 w - a wand of iceblast (18)
 x - a wand of quicksilver (10)
 D - a wand of polymorph (9)
 F - a wand of flame (4)
Scrolls
 l - 4 scrolls of blinking
 r - 4 scrolls of amnesia
 s - 7 scrolls of fog
 t - 5 scrolls of identify
 u - a scroll of fear
Potions
 g - 9 potions of curing
 h - 6 potions of heal wounds
 i - 14 potions of haste
 j - 7 potions of magic
 k - 3 potions of berserk rage
 m - 2 potions of brilliance
 n - a potion of invisibility
 o - 3 potions of resistance
 q - 5 potions of might


   Skills:
 + Level 14.2 Fighting
 + Level 14.7 Long Blades
 - Level 1.7 Throwing
 + Level 12.9 Armour
 + Level 13.2 Dodging
 + Level 17.9 Evocations


You had 11 spell levels left.
You didn't know any spells.
Your spell library contained the following spells:

 Spells                   Type           Power      Damage    Failure   Level
 Freeze                   Ice            0%         1d3       99%         1
 Sting                    Conj/Alch      0%         1d3       99%         1
 Blink                    Tloc           0%         N/A       100%        2
 Ensorcelled Hibernation  Hex/Ice        0%         N/A       100%        2
 Lesser Beckoning         Tloc           0%         N/A       100%        2
 Mercury Vapours          Alch/Air       0%         N/A       100%        2
 Momentum Strike          Conj/Tloc      0%         3d8       100%        2
 Frozen Ramparts          Ice            0%         1d1       100%        3
 Hailstorm                Conj/Ice       0%         3d5       100%        3
 Sigil of Binding         Hex            0%         N/A       100%        3
 Tukima's Dance           Hex            0%         N/A       100%        3
 Animate Armour           Summ/Erth      0%         N/A       100%        4
 Dimensional Bullseye     Hex/Tloc       0%         N/A       100%        4
 Passage of Golubria      Tloc           0%         N/A       100%        4
 Summon Lightning Spire   Summ/Air       0%         N/A       100%        4
 Vhi's Electric Charge    Tloc/Air       0%         N/A       100%        4
 Arcjolt                  Conj/Air       0%         1d10      100%        5
 Borgnjor's Vile Clutch   Necr/Erth      0%         N/A       100%        5
 Lee's Rapid Deconstruct  Erth           0%         3d4*      100%        5
 Summon Forest            Summ/Tloc      0%         N/A       100%        5
 Yara's Violent Unravell  Hex/Alch       0%         3d3       100%        5
 Bombard                  Conj/Erth      0%         9d1       100%        6
 Death Channel            Necr           0%         N/A       100%        6
 Plasma Beam              Fire/Air       0%         2x1d10    100%        6
 Sculpt Simulacrum        Ice/Alch       0%         N/A       100%        6
 Haunt                    Necr/Summ      0%         N/A       100%        7
 Borgnjor's Revivificati  Necr           0%         N/A       100%        8
 Death's Door             Necr           0%         N/A       100%        9


Dungeon Overview and Level Annotations

Branches:
Dungeon (1/1)

Altars:
Ashenzari
Cheibriados
Dithmenos
Elyvilon
Fedhas
Gozag
Hepliaklqana
Kikubaaqudgha
Makhleb
Nemelex Xobeh
Okawaru
Qazlal
Ru
Sif Muna
Trog
Uskayaw
Vehumet
Wu Jian
Xom
Yredelemnul
Zin
The Shining One
Beogh
Jiyva
Lugonu

Annotations:
D 1 transporter


Innate Abilities, Weirdness & Mutations

You can wield a second weapon in your off-hand.
It takes a long time for you to wield or remove held weapons.
Your first few attacks do less damage.
You cannot equip rings or amulets.


Message History

The splash of poison hits you!
You are lethally poisoned!
You feel extremely sick. The nagaraja spits poison at you.
The splash of poison hits you but does no damage.
You are more poisoned.
The nagaraja casts a spell at you. The bolt of poison misses you.
Things that are here:
a +0 halberd; a +0 robe; a naga corpse You spin and attack the naga mage.
You barely miss the naga mage with your +6 falchion of holy wrath.
The naga mage is almost dead.
You closely miss the naga mage with the +11 Singing Sword.
You spin and attack the nagaraja repeatedly.
You hit the nagaraja with your +6 falchion of holy wrath.
The nagaraja is heavily wounded.
You slash the nagaraja with the +11 Singing Sword!
The Singing Sword says, "I want to see you dance on the blood-dimmed tide."
You send a blast of sound all around you.
You kill the naga mage!
The Council accepts your kill.
The nagaraja is almost dead.
You barely miss the nagaraja with the +11 Singing Sword.
The nagaraja is almost dead.
You hit the nagaraja with your +6 falchion of holy wrath.
* * * LOW HITPOINT WARNING * * *
You feel extremely sick.
The nagaraja points at you and mumbles some strange words.
The poison arrow hits you!
You are more poisoned.
* * * LOW HITPOINT WARNING * * *
You see here a guardian serpent corpse.
You feel better. The nagaraja spits poison at you.
The splash of poison misses you.
The nagaraja gestures at you while chanting.
The poison arrow hits you!!!
You are poisoned.
You die...

▓.........▓ ▓.........▓
▓.........▓
▓▓▓▓▓▓▓▓▓▓▓▓▓.........▓
▓....ß©ß....▓....©....▓
▓..:)=::%:..▓▓▓▓▓▓▓▓▓▓▓
▓...[==:)...▓...ß©ß...▓
▓....)N.....▓...[=.)..▓
▓....)@.....▓...|)|...▓
▓....††.†...▓...))....▓
▓...........▓...).)...▓
▓..▓.....▓..▓....)....▓
▓.▓▓▓...▓▓ .▓.........▓
▓..▓.....▓..▓.▓.....▓.▓
▓.....©.....▓....©....▓
▓▓▓▓▓▓▓▓▓▓▓▓▓▓▓▓▓▓▓▓▓▓▓
▓...ß©ß...▓...ß©ß...▓..


You could see a nagaraja (fast, catching breath).

Vanquished Creatures
  A ghost moth (D)
  A broodmother (D)
  A fire dragon (D)
  An ice dragon (D)
  A death drake (D)
  4 pharaoh ants (D)
  3 swamp dragons (D)
  2 wolf spiders (D)
  3 toenail golems (D)
  A black mamba (D)
  2 guardian serpents (D)
  A naga mage (D)
  8 merfolk (D)
  2 wind drakes (D)
  2 glass eyes (D)
  3 slime creatures (D)
  3 yaks (D)
  A wyvern (D)
  2 redbacks (D)
  2 nagas (D)
  2 acid dragons (D)
  A hell hound (D)
  3 water moccasins (D)
  2 swamp drakes (D)
  4 centaurs (D)
  2 phantoms (D)
  A weeping skull (D)
  3 earth elementals (D)
  4 wights (D)
  A crimson imp (D)
  A centaur zombie (D)
  2 quasits (D)
  A jelly (D)
  An iron imp (D)
  An iguana (D)
  A mummy (D)
  2 adders (D)
  A river rat (D)
  A shadow imp (D)
  A white imp (D)
  An ufetubus (D)
  An adder zombie (D)
  A bat zombie (D)
  An endoplasm (D)
  2 ball python zombies (D)
  A jackal skeleton (D)
  A quokka zombie (D)
87 creatures vanquished.

Notes
Turn   | Place    | Note
-------+----------+-------------------------------------------
     0 | D        | Revguard the Coglin Gladiator began the quest for the Orb.
     0 | D        | Reached XP level 1. HP: 16/16 MP: 1/1
     0 | D        | Found a blossoming altar of Fedhas.
     0 | D        | Found the +6 Majin-Bo {spellvamp, MP+6 Int+6}
     0 | D        | Found the +27 heavy crossbow "Sniper" {heavy, Acc+∞ SInv}
     0 | D        | Found the +10 dark maul {heavy}
     0 | D        | Found the +15 Maxwell's patent armour {-Cast -Tele rElec
                  | Will+ rCorr}
     0 | D        | Found the +18 shield of the Gong {Loud rN+ Will+ rCorr
                  | EV-5}
     0 | D        | Found the +16 obsidian axe {drain, demonic, Mesm ^Drain Fly
                  | SInv}
     0 | D        | Found the +7 great mace "Firestarter" {flame, immolate,
                  | rFlCloud rF++}
     0 | D        | Found the +6 shillelagh "Devastator" {shatter}
     0 | D        | Found the +11 plutonium sword {^Contam Stlth-}
     0 | D        | Found the +8 lance "Wyrmbane" {slay drac, rPois rF+ rC+
                  | AC+3}
     0 | D        | Found the +9 sword of Zonguldrok {reap}
     0 | D        | Found the +13 scythe of Curses {drain, curses, ^Drain}
     0 | D        | Found the +9 sword of Power {lifebolt}
     0 | D        | Found the +7 mace of Variability {chaos, chaos arc}
     0 | D        | Found the +11 Singing Sword {sonic wave}
     0 | D        | Found the +8 storm bow {elec, penet}
     1 | D        | Found a shimmering blue altar of Sif Muna.
     1 | D        | Found a sacrificial altar of Ru.
     1 | D        | Found a bloodstained altar of Trog.
     1 | D        | Found a stormy altar of Qazlal.
     1 | D        | Found an iron altar of Okawaru.
     1 | D        | Found a sparkling altar of Nemelex Xobeh.
     3 | D        | Found a transporter.
     3 | D        | Found an ancient bone altar of Kikubaaqudgha.
     3 | D        | Found a viscous altar of Jiyva.
     3 | D        | Found a corrupted altar of Lugonu.
     3 | D        | Found a hazy altar of Hepliaklqana.
     3 | D        | Found a burning altar of Makhleb.
     3 | D        | Found an opulent altar of Gozag.
    73 | D        | Became a worshipper of the Wu Jian Council
    74 | D        | Reached skill level 5 in Long Blades
    74 | D        | Reached skill level 3 in Evocations
    74 | D        | Reached XP level 2. HP: 24/24 MP: 2/2
    87 | D        | Entered arena 2.
    87 | D        | Noticed a yak
    87 | D        | Found a transporter.
    89 | D        | Killed a yak
    90 | D        | Reached skill level 5 in Fighting
    90 | D        | Reached skill level 5 in Dodging
    90 | D        | Reached skill level 6 in Evocations
    90 | D        | Reached XP level 3. HP: 33/33 MP: 3/3
    90 | D        | Reached XP level 4. HP: 39/39 MP: 4/4
    90 | D        | Reached XP level 5. HP: 44/44 MP: 5/5
    94 | D        | Entered arena 3.
    94 | D        | Noticed a yak
    94 | D        | Noticed a yak
    94 | D        | Found a transporter.
    96 | D        | Killed a yak
    96 | D        | Reached * piety under Wu Jian
    97 | D        | Reached skill level 5 in Armour
    97 | D        | Reached skill level 7 in Evocations
    97 | D        | Reached XP level 6. HP: 47/52 MP: 6/6
   100 | D        | Killed a yak
   101 | D        | Reached skill level 8 in Evocations
   101 | D        | Reached XP level 7. HP: 55/59 MP: 7/7
   114 | D        | Entered arena 4.
   114 | D        | Found a transporter.
   117 | D        | Reached ** piety under Wu Jian
   119 | D        | Reached *** piety under Wu Jian
   127 | D        | Entered arena 5.
   127 | D        | Found a transporter.
   132 | D        | Reached skill level 9 in Evocations
   133 | D        | Reached **** piety under Wu Jian
   137 | D        | Got the Directory of Interference
   167 | D        | Entered arena 6.
   167 | D        | Found a transporter.
   172 | D        | Reached ***** piety under Wu Jian
   177 | D        | Entered arena 7.
   177 | D        | Found the +8 orange crystal plate armour {Archmagi, Int+3
                  | Clar}
   177 | D        | Noticed a toenail golem
   177 | D        | Noticed a toenail golem
   177 | D        | Noticed a toenail golem
   178 | D        | Found a transporter.
   180 | D        | Killed a toenail golem
   180 | D        | Reached skill level 10 in Evocations
   180 | D        | Reached XP level 8. HP: 68/68 MP: 8/8
   182 | D        | Killed a toenail golem
   182 | D        | Killed a toenail golem
   183 | D        | Reached skill level 10 in Long Blades
   183 | D        | Reached skill level 11 in Evocations
   183 | D        | Reached XP level 9. HP: 76/76 MP: 9/9
   195 | D        | Entered arena 8.
   195 | D        | Noticed a merfolk
   195 | D        | Noticed a merfolk
   195 | D        | Noticed a merfolk
   195 | D        | Noticed a merfolk
   196 | D        | Found a transporter.
   213 | D        | Killed a merfolk
   213 | D        | Reached ****** piety under Wu Jian
   213 | D        | Killed a merfolk
   214 | D        | Reached skill level 12 in Evocations
   214 | D        | Killed a merfolk
   215 | D        | Reached skill level 10 in Fighting
   220 | D        | Killed a merfolk
   383 | D        | Entered arena 9.
   384 | D        | Found a transporter.
   387 | D        | Reached skill level 13 in Evocations
   387 | D        | Reached XP level 10. HP: 86/86 MP: 10/10
   392 | D        | Reached skill level 10 in Dodging
   408 | D        | Entered arena 10.
   409 | D        | Found a transporter.
   413 | D        | Reached skill level 10 in Armour
   413 | D        | Reached skill level 14 in Evocations
   590 | D        | Entered arena 11.
   591 | D        | Found a transporter.
   635 | D        | Entered arena 12.
   635 | D        | Noticed a pharaoh ant
   635 | D        | Noticed a wolf spider
   635 | D        | Noticed a wolf spider
   635 | D        | Noticed a pharaoh ant
   635 | D        | Noticed a pharaoh ant
   635 | D        | Noticed a pharaoh ant
   636 | D        | Noticed a broodmother
   636 | D        | Found a transporter.
   637 | D        | Noticed a ghost moth
   638 | D        | Killed a pharaoh ant
   638 | D        | Killed a pharaoh ant
   638 | D        | Killed a wolf spider
   638 | D        | Reached skill level 15 in Evocations
   638 | D        | Reached XP level 11. HP: 95/95 MP: 2/11
   638 | D        | Killed a pharaoh ant
   638 | D        | Killed a pharaoh ant
   638 | D        | Killed a ghost moth
   639 | D        | Reached skill level 16 in Evocations
   639 | D        | Killed a wolf spider
   641 | D        | Killed a broodmother
   820 | D        | Entered arena 13.
   820 | D        | Noticed a swamp dragon
   820 | D        | Noticed a swamp dragon
   820 | D        | Noticed a fire dragon
   820 | D        | Noticed a swamp dragon
   821 | D        | Noticed a death drake
   821 | D        | Noticed an ice dragon
   823 | D        | Found a transporter.
   826 | D        | Killed a death drake
   827 | D        | Killed a swamp dragon
   827 | D        | Killed a fire dragon
   828 | D        | Reached skill level 17 in Evocations
   828 | D        | Killed a swamp dragon
   829 | D        | Reached XP level 12. HP: 97/105 MP: 12/12
   833 | D        | Killed an ice dragon
   844 | D        | Got the Precepts of Burnt Attendants
   852 | D        | Got Laownuj's Quarto of Terrain and Contamination
   887 | D        | Entered arena 14.
   889 | D        | Noticed a nagaraja
   889 | D        | Found a transporter.
   895 | D        | Killed from afar by a nagaraja

Illustrated notes

Levels and vault maps discovered:
D:        sprint_v [room_start, room_1, room_2, room_3, room_4, room_5, room_6,
          room_7, room_8, room_9, room_10, room_11, room_12, room_13, room_14,
          room_15, room_16, room_17, room_18, room_19, room_20, room_21,
          room_22, room_23, room_24, room_25, room_26, room_27]

Skill      XL: |  1  2  3  4  5  6  7  8  9 10 11 12 |
---------------+-------------------------------------+-----
Fighting       | 3 5 6 8 9 10 12 13 14 | 14.2
Long Blades    | 5 6 7 9 10 11 12 14 | 14.7
Armour         | 2 4 5 7 8 9 11 12 | 12.9
Dodging        | 3 5 6 7 8 9 11 12 13 | 13.2
Evocations     | 3 6 7 8 10 11 13 15 17 | 17.9
Throwing       | |  1.7

Action                     |  1- 3 |  4- 6 |  7- 9 | 10-12 || total
---------------------------+-------+-------+-------+-------++-------
  Melee: Double sword      |     3 |     6 |    78 |    73 ||   160
         Short sword       |       |       |     2 |    31 ||    33
         Falchion          |       |       |       |    34 ||    34
 Invoke: Serpent's Lash    |       |       |     1 |     2 ||     3
         Heavenly Storm    |       |       |       |     1 ||     1
Ability: Lunge             |     1 |     1 |     7 |    13 ||    22
         Whirlwind         |       |     3 |    37 |    51 ||    91
  Evoke: Wand              |       |       |     1 |       ||     1
    Use: Potion            |     1 |       |     4 |     3 ||     8
         Scroll            |       |       |     1 |       ||     1
   Stab: Invisible         |       |       |       |     6 ||     6
 Armour: Storm dragon scal |       |     3 |    51 |    40 ||    94
  Dodge: Dodged            |     1 |     2 |    15 |    26 ||    44

Table legend: (Time is in decaauts)
 A = Elapsed time spent in this place.
 B = Non-inter-level travel time spent in this place.
 C = Inter-level travel time spent in this place.
 D = Time resting spent in this place.
 E = Time spent auto-exploring this place.
 F = Levels seen in this place.
 G = Mean time per level.
                   A        B        C        D        E       F      G
               +--------+--------+--------+--------+--------+-----+--------+
         Total |    893 |    893 |      0 |    509 |      0 |   1 |  893.0 |
       Dungeon |    893 |    893 |      0 |    509 |      0 |   1 |  893.0 |
               +--------+--------+--------+--------+--------+-----+--------+

Top non-repeatable levels by time:
       D: 893 daAuts
